 Dungeon Crawl Stone Soup version 0.14.0-12-g87ee3b7 (webtiles) character file.

333 Ragg the Skirmisher (level 5, -3/34 HPs)
             Began as a Gargoyle Fighter on Apr 16, 2014.
             Slain by a slave (5 damage)
             ... led by Pikel
             ... on Level 4 of the Dungeon.
             The game lasted 00:06:46 (2564 turns).

Ragg the Skirmisher (Gargoyle Fighter)              Turns: 2564, Time: 00:06:46

HP  -3/34        AC 16     Str 19      XL: 5   Next: 50%
MP   5/5         EV  5     Int 10      God:
Gold 164         SH 18     Dex  9      Spells:  0 memorised,  4 levels left

rFire  . . .     SeeInvis .     a - +0 flail
rCold  . . .     Clarity  .     r - +0 chain mail
rNeg   + . .     Conserve .     c - +0 shield
rPois  +         rCorr    .     q - +2 helmet
rElec  +         rRot     +     (no cloak)
SustAb . .       Spirit   .     (no gloves)
rMut   .         Warding  .     (no boots)
Saprov . . .     Stasis   .     (no amulet)
MR     +....                    (no ring)
                                n - cursed ring of protection from magic {unknown}

@: somewhat resistant to hostile enchantments, extremely unstealthy
A: life protection 1, electricity resistance, unbreathing, petrification
resistance, AC +4
a: no special abilities


You were on level 4 of the Dungeon.
You were not hungry.

You visited 1 branch of the dungeon, and saw 4 of its levels.

You collected 164 gold pieces.

Inventory:

Hand weapons
 a - a +0,+0 flail (weapon)
 p - a +0 blowgun
Missiles
 m - 102 stones (quivered)
 s - 6 poisoned needles
Armour
 c - a +0 shield (worn)
 q - a +2 helmet (worn)
 r - a +0 chain mail (worn)
Comestibles
 d - 2 bread rations
 g - 2 meat rations
 h - a slice of pizza
 j - an orange
 k - a cheese
 l - a honeycomb
Scrolls
 f - a scroll of identify
 o - a scroll of remove curse {unknown}
 t - a scroll of enchant armour {unknown}
 u - a scroll of random uselessness {unknown}
 w - a scroll of blinking {unknown}
Jewellery
 n - a cursed ring of protection from magic (left hand) {unknown}
Potions
 b - a potion of agility {unknown}
 e - a potion of might
 i - 3 potions of curing


   Skills:
 + Level 4.4 Fighting
 + Level 3.4 Maces & Flails
 + Level 4.2 Armour
 + Level 4.3 Shields


You had 4 spell levels left.
You didn't know any spells.

Dungeon Overview and Level Annotations

Branches:
Dungeon (4/15)
 Temple: D:4-7

Altars:

Annotations:
D:4 Pikel


Innate Abilities, Weirdness & Mutations

You are resistant to torment.
You are immune to poison.
You are immune to rotting.
Your stone body is very resilient (AC +4).
You resist negative energy.
You are resistant to electric shocks.
You can survive without breathing.
You are immune to petrification.


Message History

The slave hits you but does no damage. The slave hits you.
You block Pikel's attack. The rat bites you but does no damage.
The slave hits you but does no damage. You block the slave's attack.
The slave hits you.
You hit Pikel but do no damage.
Pikel is moderately wounded.
Pikel hits you with a glowing whip. Pikel freezes you.
The rat bites you but does no damage. The slave hits you but does no damage.
The slave closely misses you. The slave hits you but does no damage.
Pikel hits you with a whip of freezing. Pikel freezes you.
You closely miss Pikel.
Pikel is moderately wounded.
You block the slave's attack. The rat bites you but does no damage.
The slave hits you.
* * * LOW HITPOINT WARNING * * *
The slave hits you.
* * * LOW HITPOINT WARNING * * *
Pikel hits you but does no damage. You block the rat's attack.
The slave hits you.
You die...

... ...... #.....
. +....# ....
#....# #....
#....# #....
#@...# #....
#K@..#
#....#+###@@..#
#.........@r..#
#.............#
#$...<........#
#.......$.....#
#................
#################


You could see Pikel, 4 slaves and a rat.

Vanquished Creatures
  An iguana (D:4)
  5 adders
  3 gnolls (D:3)
  A giant mite (D:3)
  A worm (D:3)
  A giant gecko (D:2)
  An ooze (D:2)
  An orc (D:4)
  A ball python (D:1)
  7 hobgoblins
  4 jackals (D:3)
  9 kobolds
  A quokka (D:3)
  7 bats
  6 giant cockroaches
  2 giant newts (D:3)
  6 goblins
  4 rats
61 creatures vanquished.

Notes
Turn   | Place    | Note
--------------------------------------------------------------
     0 | D:1      | Ragg, the Gargoyle Fighter, began the quest for the Orb.
     0 | D:1      | Reached XP level 1. HP: 14/14 MP: 1/1
   177 | D:1      | Reached XP level 2. HP: 19/19 MP: 2/2
   689 | D:2      | Reached XP level 3. HP: 18/24 MP: 3/3
   855 | D:2      | Reached skill level 4 in Fighting
  1139 | D:3      | Reached XP level 4. HP: 29/29 MP: 4/4
  1649 | D:3      | Reached XP level 5. HP: 7/33 MP: 5/5
  2392 | D:4      | Noticed an ogre
  2552 | D:4      | Noticed a slave
  2553 | D:4      | Noticed Pikel
  2554 | D:4      | Noticed a slave
  2555 | D:4      | Noticed a slave
  2555 | D:4      | Noticed a slave
  2564 | D:4      | Slain by a slave

Action                   |  1- 3 |  4- 6 || total
-------------------------+-------+-------++-------
Melee: Flail             |   134 |   104 ||   238
  Use: Scroll            |     5 |       ||     5
